Map: Efflorescence LE

Players

Khazeo - Winner!

  • Race: Zerg Zerg
  • League: Platinum
  • Spawn Location: 9:00

CrioZola - Winner!

  • Race: Protoss Protoss
  • Spawn Location: 6:00

Massa

  • Race: Terran Terran
  • League: Platinum
  • Spawn Location: 3:00

qqq

  • Race: Zerg Zerg
  • Spawn Location: 12:00

VOD

Have the link to the VOD?

Description

Time

  • Played on: Oct. 12, 2020, 5:07 p.m.
  • Length: 22:59
Show
View Real Time Build Order
Export as new Build Order

Khazeo Zerg - Winner!

Build Orders: Hatch First, Lurkers, Roach Hydra 

Get SALT Encoding   

  12  0:00  Drone  
  13  0:18  Overlord  
  13  0:23  Drone  
  14  0:37  Drone x2  
  16  0:43  Drone  
  17  0:56  Hatchery  
  16  1:00  Drone  
  16  1:03  Drone  
  18  1:18  Spawning Pool  
  17  1:21  Drone  
  17  1:23  Drone  
  19  1:26  Extractor  
  18  1:35  Overlord  
  18  1:45  Drone  
  19  2:01  Drone  
  20  2:09  Zergling x4  
  20  2:11  Queen x2  
  26  2:20  Drone x2  
  28  2:28  Drone  
  28  2:29  Metabolic Boost  
  29  2:36  Drone  
  30  2:50  Overlord  
  30  2:51  Queen  
  30  2:54  Overlord  
  30  2:56  Drone x2  
  34  3:05  Zergling x4  
  36  3:13  Zergling x4  
  38  3:22  Zergling x12  
  38  3:23  Zergling x2  
  45  3:29  Zergling x2  
  46  3:42  Drone x2  
  48  3:48  Drone x2  
  48  3:52  Lair  
  50  4:02  Drone x2  
  52  4:07  Overlord  
  51  4:10  Hatchery  
  43  4:21  Roach Warren  
  43  4:23  Evolution Chamber  
  41  4:26  Zergling x8  
  41  4:27  Zergling x2  
  39  4:47  Zergling x12  
  39  4:50  Queen  
  39  4:52  Zerg Missile Weapons Level 1  
  44  4:53  Drone  
  44  4:58  Drone  
  44  5:04  Roach x2  
  48  5:07  Roach  
  48  5:10  Roach  
  48  5:11  Roach  
  53  5:20  Roach  
  59  5:28  Roach x2  
  59  5:31  Overlord x2  
  59  5:32  Overlord  
  59  5:33  Glial Reconstitution  
  59  5:56  Drone  
  63  5:57  Drone x6  
  63  5:59  Hatchery  
  63  6:00  Drone x2  
  67  6:05  Drone  
  68  6:12  Extractor x2  
  68  6:15  Drone x2  
  68  6:17  Hydralisk Den, Evolution Chamber  
  66  6:24  Drone  
  66  6:25  Drone x4  
  71  6:33  Roach  
  73  6:47  Roach x4  
  81  6:53  Extractor  
  80  6:58  Drone x3  
  80  7:00  Overlord x2  
  83  7:06  Zerg Missile Weapons Level 2  
  83  7:10  Overlord  
  83  7:13  Queen  
  85  7:17  Drone x3  
  85  7:18  Drone  
  85  7:20  Drone x4  
  94  7:22  Drone  
  94  7:23  Drone  
  95  7:35  Drone x3  
  98  7:39  Grooved Spines  
  98  7:42  Drone x2  
  98  7:43  Drone x3  
  102  7:46  Extractor  
  102  7:47  Extractor  
  102  7:49  Drone x2  
  102  7:50  Drone, Lurker Den  
  102  8:05  Hatchery  
  101  8:07  Drone x3  
  101  8:08  Drone, Zerg Ground Armor Level 1  
  104  8:32  Overlord x4  
  103  8:44  Hatchery  
  97  8:50  Queen  
  97  8:53  Roach x9  
  117  9:01  Overseer  
  117  9:02  Hydralisk, Infestation Pit  
  116  9:03  Hydralisk x6  
  130  9:13  Hydralisk x2, Muscular Augments  
  130  9:15  Baneling Nest  
  133  9:21  Hydralisk x2  
  137  9:26  Pneumatized Carapace  
  137  9:36  Hatchery  
  136  9:45  Overlord  
  136  9:46  Overlord x2  
  136  9:55  Overlord x3  
  136  10:06  Hive  
  118  10:35  Hydralisk x18  
  102  10:45  Zerg Ground Armor Level 2  
  102  10:51  Hydralisk x5  
  98  10:59  Overseer x3  
  77  11:12  Lurker x2  
  77  11:13  Lurker x3  
  70  11:20  Lurker x5  
  70  11:23  Zergling x36  
  87  11:35  Lurker x2  
  82  12:14  Hydralisk x8  
  95  12:30  Hydralisk x5  
  102  12:54  Hatchery  
  101  13:00  Overseer  
  101  13:01  Drone x6  
  101  13:03  Queen  
  101  13:04  Queen, Overseer  
  111  13:06  Overseer  
  111  13:18  Lurker x2  
  111  13:19  Lurker x3  
  116  13:22  Drone  
  116  13:23  Drone x2  
  119  13:31  Spore Crawler  
  119  13:34  Spine Crawler  
  117  13:45  Seismic Spines  
  117  13:53  Drone x2  
  119  14:03  Drone  
  119  14:04  Drone x2  
  122  14:17  Drone x4  
  122  14:23  Extractor  
  122  14:24  Extractor  
  124  14:42  Adaptive Talons  
  124  14:46  Hydralisk x7  
  124  14:52  Overseer  
  138  15:01  Hydralisk x2  
  138  15:02  Hydralisk  
  143  15:18  Hydralisk  
  143  15:20  Overlord  
  143  15:21  Overlord x3  
  145  15:30  Lurker  
  146  15:35  Hatchery  
  141  16:10  Lurker  
  142  16:12  Lurker x4  
  142  16:14  Overseer  
  142  16:15  Overlord x3  
  142  16:17  Hatchery  
  145  16:30  Hydralisk  
  145  16:31  Hydralisk x12  
  160  16:57  Lurker x5  
  160  16:58  Lurker x2  
  167  17:02  Hydralisk  
  167  17:03  Hydralisk x3  
  167  17:05  Zergling x10, Overseer  
  167  17:44  Hatchery  
  167  17:48  Zergling x2  
  167  17:49  Zergling x20  
  177  17:53  Overlord  
  177  18:05  Zerg Missile Weapons Level 3, Zerg Ground Armor Level 3  
  177  18:06  Baneling  
  170  18:33  Lurker x2  
  170  18:34  Lurker x4  
  156  19:32  Hydralisk  
  156  19:33  Hydralisk x12  
  167  20:00  Queen  
  167  20:05  Lurker x6  
  125  20:48  Hydralisk x5  
  132  20:57  Overseer x2  
  118  21:27  Hydralisk  
Show
View Real Time Build Order
Export as new Build Order

CrioZola Protoss - Winner!

Build Orders: Carriers 

Get SALT Encoding   

  12  0:00  Probe  
  13  0:16  Pylon  
  13  0:18  Probe  
  14  0:30  Probe  
  15  0:39  Gateway  
  16  0:42  Probe (Chrono Boost)  
  16  0:53  Probe (Chrono Boost)  
  17  0:57  Probe (Chrono Boost)  
  18  1:09  Probe, Pylon  
  19  1:23  Assimilator  
  19  1:25  Assimilator  
  19  1:31  Cybernetics Core  
  20  1:32  Probe (Chrono Boost)  
  20  1:42  Probe (Chrono Boost)  
  21  1:47  Probe (Chrono Boost)  
  22  1:59  Probe  
  23  2:11  Probe  
  24  2:17  Stargate  
  24  2:22  Nexus  
  24  2:25  Forge  
  24  2:29  Probe  
  25  2:33  Stalker (Chrono Boost)  
  26  2:49  Probe  
  27  3:01  Probe  
  28  3:17  Pylon  
  29  3:22  Probe (Chrono Boost)  
  29  3:25  Void Ray (Chrono Boost)  
  29  3:33  Probe (Chrono Boost)  
  34  3:37  Probe (Chrono Boost)  
  34  3:38  Pylon  
  34  3:39  Probe, Pylon  
  36  3:48  Probe  
  37  3:51  Probe  
  38  4:00  Probe  
  39  4:03  Probe  
  40  4:10  Void Ray  
  40  4:12  Probe  
  40  4:15  Probe  
  46  4:24  Probe  
  46  4:27  Probe  
  46  4:29  Photon Cannon x2  
  48  4:31  Photon Cannon  
  48  4:37  Photon Cannon  
  48  4:39  Probe  
  48  4:42  Photon Cannon  
  49  4:47  Void Ray  
  49  4:51  Probe  
  54  5:02  Pylon  
  54  5:05  Pylon  
  54  5:08  Pylon  
  54  5:11  Shield Battery  
  54  5:13  Photon Cannon  
  54  5:15  Photon Cannon  
  54  5:18  Shield Battery  
  54  5:20  Shield Battery  
  54  5:24  Assimilator  
  54  5:32  Stargate  
  54  5:33  Stargate  
  54  5:37  Assimilator  
  54  5:45  Void Ray  
  54  5:47  Probe  
  54  5:48  Probe  
  60  5:59  Probe, Protoss Air Weapons Level 1 (Chrono Boost)  
  60  6:01  Probe  
  62  6:22  Void Ray  
  62  6:25  Void Ray  
  62  6:26  Void Ray  
  74  6:37  Nexus  
  74  6:39  Assimilator  
  74  6:43  Assimilator  
  74  6:47  Protoss Shields Level 1 (Chrono Boost), Pylon  
  74  6:51  Pylon  
  74  6:56  Cybernetics Core  
  74  7:08  Void Ray  
  74  7:10  Photon Cannon  
  74  7:11  Photon Cannon  
  78  7:17  Probe x2  
  80  7:23  Gateway  
  80  7:28  Pylon  
  80  7:29  Probe (Chrono Boost)  
  82  7:30  Probe (Chrono Boost), Gateway  
  82  7:41  Probe (Chrono Boost)  
  82  7:42  Probe (Chrono Boost)  
  84  7:47  Probe (Chrono Boost)  
  85  7:53  Protoss Air Armor Level 1 (Chrono Boost)  
  85  7:57  Fleet Beacon  
  86  7:58  Probe (Chrono Boost)  
  86  7:59  Probe (Chrono Boost)  
  87  8:10  Probe x2 (Chrono Boost)  
  90  8:13  Probe (Chrono Boost)  
  90  8:19  Probe (Chrono Boost)  
  93  8:20  Void Ray x2  
  93  8:21  Void Ray  
  104  8:27  Probe (Chrono Boost)  
  104  8:38  Probe  
  105  8:42  Flux Vanes  
  105  8:48  Nexus  
  105  8:50  Probe, Assimilator  
  105  8:54  Assimilator  
  106  8:58  Protoss Air Weapons Level 2 (Chrono Boost)  
  106  9:01  Stargate  
  106  9:02  Probe, Stargate  
  107  9:08  Pylon  
  107  9:10  Pylon  
  107  9:16  Photon Cannon  
  107  9:17  Photon Cannon  
  107  9:18  Photon Cannon  
  107  9:21  Pylon  
  119  9:48  Carrier x2 (Chrono Boost)  
  119  9:57  Protoss Air Armor Level 2 (Chrono Boost)  
  125  10:07  Robotics Facility  
  131  10:45  Carrier (Chrono Boost)  
  137  10:53  Carrier (Chrono Boost)  
  122  11:08  Pylon  
  122  11:09  Pylon  
  122  11:11  Pylon  
  122  11:12  Pylon  
  122  11:14  Pylon  
  122  11:34  Carrier  
  122  11:37  Carrier  
  120  11:46  Carrier  
  119  11:48  Probe (Chrono Boost)  
  120  11:58  Probe (Chrono Boost)  
  121  12:03  Probe (Chrono Boost)  
  122  12:15  Probe  
  123  12:27  Probe  
  124  12:39  Probe  
  125  12:46  Nexus  
  125  12:50  Assimilator  
  125  12:52  Protoss Air Weapons Level 3 (Chrono Boost)  
  125  12:54  Assimilator  
  125  13:03  Pylon  
  125  13:05  Pylon  
  125  13:06  Pylon  
  125  13:09  Pylon  
  125  13:10  Pylon  
  125  13:11  Pylon  
  125  13:21  Probe (Chrono Boost), Carrier  
  125  13:24  Carrier x2  
  144  13:33  Probe (Chrono Boost)  
  145  13:40  Probe (Chrono Boost)  
  146  13:47  Probe  
  146  13:48  Pylon  
  146  13:51  Pylon  
  146  13:52  Protoss Air Armor Level 3 (Chrono Boost)  
  146  13:54  Pylon  
  147  13:57  Pylon  
  147  13:59  Probe  
  148  14:05  Pylon  
  148  14:29  Carrier x2  
  148  14:30  Probe (Chrono Boost)  
  161  14:34  Probe (Chrono Boost)  
  161  14:36  Probe (Chrono Boost)  
  163  14:40  Probe (Chrono Boost)  
  163  14:43  Probe (Chrono Boost)  
  163  14:44  Probe (Chrono Boost)  
  166  14:47  Probe (Chrono Boost)  
  166  14:48  Probe (Chrono Boost)  
  166  14:49  Probe (Chrono Boost)  
  163  14:56  Probe  
  163  14:59  Probe  
  165  15:11  Probe  
  134  15:15  Phoenix  
  132  15:21  Mothership (Chrono Boost)  
  132  15:26  Stargate  
  140  15:29  Stargate  
  140  15:32  Stargate  
  140  15:34  Stargate  
  140  15:37  Stargate  
  140  15:38  Tempest  
  145  16:04  Tempest x2  
  155  16:12  Twilight Council  
  155  16:29  Assimilator  
  154  16:33  Assimilator  
  147  16:40  Carrier x3  
  147  16:44  Tempest  
  170  16:59  Robotics Facility  
  170  17:15  Tempest x2  
  180  17:16  Tempest  
  185  17:39  Tempest  
  185  17:40  Tempest  
  195  17:59  Tempest  
  200  18:32  Pylon  
  200  18:34  Pylon  
  194  19:06  Unknown, Robotics Facility  
  194  19:08  Observer  
  187  19:29  Observer  
  182  19:32  Carrier  
  200  19:46  Mothership (Chrono Boost)  
  190  20:25  Carrier  
  196  21:00  Observer  
  191  21:44  Carrier x2  
  197  22:02  Observer  
  198  22:11  Assimilator  
  198  22:15  Assimilator  
  198  22:23  Observer  
Show
View Real Time Build Order
Export as new Build Order

Massa Terran 

Build Orders: Reaper Expand 

Get SALT Encoding   

  12  0:00  SCV  
  13  0:12  SCV  
  14  0:17  Supply Depot  
  14  0:24  SCV  
  15  0:39  SCV  
  15  0:41  Barracks  
  16  0:48  Refinery  
  16  0:51  SCV  
  17  1:06  SCV  
  18  1:18  SCV  
  19  1:30  Orbital Command  
  19  1:31  Reaper  
  20  1:45  Command Center  
  20  1:57  SCV  
  21  2:03  Marine  
  21  2:08  Factory  
  22  2:15  SCV  
  23  2:16  Supply Depot  
  23  2:28  Barracks Reactor  
  23  2:37  SCV  
  24  2:49  SCV  
  25  3:08  Marine x2  
  25  3:10  Widow Mine  
  29  3:16  Refinery  
  29  3:19  Barracks  
  29  3:23  Barracks  
  29  3:24  Engineering Bay  
  29  3:26  Orbital Command, Marine x2  
  31  3:28  SCV  
  31  3:31  Widow Mine  
  34  3:37  Supply Depot  
  34  3:40  SCV  
  35  3:48  Starport  
  35  3:59  Marine  
  35  4:00  Marine  
  35  4:02  Hellion  
  39  4:27  Barracks Reactor  
  39  4:28  Barracks Tech Lab  
  39  4:31  Medivac  
  41  4:32  Factory Tech Lab  
  41  4:36  Missile Turret  
  41  4:37  Missile Turret  
  41  4:41  Missile Turret  
  41  4:42  Missile Turret  
  40  4:50  Stimpack  
  40  5:19  Missile Turret  
  40  5:20  Sensor Tower  
  40  5:22  Marauder, Marine x4  
  40  5:24  SCV x2  
  48  5:36  SCV  
  48  5:40  Marine  
  50  5:43  Marauder  
  52  5:57  Siege Tank  
  52  6:04  Marauder  
  52  6:08  Marine  
  52  6:09  Barracks, Marine x2  
  54  6:16  Supply Depot  
  54  6:18  Supply Depot  
  54  6:23  SCV x2, Marine  
  57  6:25  Marine  
  57  6:26  Marine x3  
  57  6:28  Barracks  
  61  6:35  SCV  
  61  6:38  SCV  
  63  6:41  Marine  
  63  6:43  Marine  
  63  6:44  Marine x3  
  68  6:53  Cyclone  
  71  6:56  Combat Shield  
  71  6:58  Marine  
  71  7:00  Barracks Reactor  
  71  7:01  Marine x2  
  72  7:02  Marine x2  
  72  7:04  SCV x2  
  78  7:09  Refinery  
  78  7:16  Barracks Reactor  
  78  7:20  Supply Depot  
  78  7:22  Supply Depot  
  78  7:26  SCV, Marine x4, Medivac  
  85  7:42  Widow Mine, Marauder, Supply Depot  
  89  7:44  Marine x4  
  89  7:45  Supply Depot  
  89  7:49  Supply Depot  
  93  7:55  Terran Infantry Weapons Level 1  
  93  7:56  Medivac  
  95  8:02  Marine x2  
  95  8:03  SCV x2  
  95  8:04  Marauder  
  103  8:10  Supply Depot  
  103  8:12  Refinery  
  103  8:15  SCV x2, Concussive Shells  
  105  8:21  Cyclone  
  105  8:25  Factory  
  106  8:27  SCV  
  106  8:30  Starport Reactor  
  107  8:43  Command Center  
  107  8:57  Mag-Field Accelerator  
  107  9:01  Marauder, Marine x2  
  107  9:02  Marine x2  
  113  9:04  Marine  
  114  9:12  Factory Reactor  
  114  9:23  Marauder, Siege Tank  
  119  9:34  Armory  
  119  9:41  Marine x3  
  119  9:42  Marine x5  
  119  9:44  Marauder  
  129  9:55  Siege Tank  
  129  9:59  Marine  
  133  10:06  Marauder  
  135  10:07  SCV  
  135  10:08  SCV  
  135  10:09  Marine x3  
  135  10:10  Marine  
  135  10:19  SCV  
  135  10:20  SCV  
  137  10:27  Marauder  
  137  10:31  SCV  
  123  10:48  Marauder  
  123  11:10  Marauder  
  67  11:34  Marauder, Marine  
  67  11:35  Marine x7  
  67  11:37  Cyclone  
  82  11:40  Widow Mine  
  82  11:47  Orbital Command  
  82  11:52  Marine  
  82  11:53  Marine x7  
  80  11:56  Marauder  
  82  12:01  Missile Turret  
  82  12:02  Missile Turret  
  82  12:05  SCV x2  
  82  12:06  Missile Turret  
  84  12:10  Cyclone, Marine x2  
  84  12:11  Marine x6  
  95  12:17  SCV x2, Marauder  
  99  12:23  Missile Turret  
  99  12:28  Marine x8  
  99  12:29  SCV  
  108  12:31  Widow Mine x2  
  112  12:38  Marauder  
  112  12:41  Thor  
  120  12:46  Marine x5  
  125  12:51  Marine  
  125  12:52  Marine x2  
  125  12:54  Widow Mine x2  
  132  13:00  Marauder  
  132  13:03  Terran Infantry Armor Level 1, Marine  
  132  13:04  Marine x3  
  132  13:05  Terran Vehicle Weapons Level 1  
  138  13:12  SCV x3  
  141  13:15  Widow Mine  
  141  13:16  Widow Mine, Refinery  
  145  13:21  Marauder, Command Center  
  145  13:24  SCV x2  
  149  13:38  Supply Depot  
  149  13:39  Supply Depot x2  
  149  13:42  Supply Depot  
  149  13:59  Thor  
  149  14:00  Marauder  
  157  14:02  Supply Depot  
  157  14:03  Supply Depot  
  157  14:04  Supply Depot x3  
  157  14:14  Factory  
  161  14:17  Widow Mine x2  
  161  14:20  Smart Servos, Factory  
  161  14:34  Armory  
  165  14:38  Widow Mine x2  
  165  14:40  SCV  
  165  14:41  SCV x2  
  165  14:42  Thor  
  174  14:47  Refinery  
  170  14:53  SCV x3  
  170  14:57  Terran Infantry Weapons Level 2  
  175  15:00  Widow Mine  
  175  15:05  SCV x3  
  168  15:16  Factory Tech Lab x2  
  168  15:17  SCV x2  
  168  15:19  Widow Mine  
  168  15:21  Widow Mine, Orbital Command  
  172  15:25  SCV, Thor  
  179  15:29  SCV x2  
  181  15:37  SCV  
  181  15:39  Drilling Claws, Command Center  
  181  15:40  Widow Mine  
  181  15:41  SCV x2  
  188  15:42  Widow Mine  
  188  15:49  SCV  
  189  15:53  SCV  
  169  16:06  Medivac x2  
  169  16:08  Thor  
  175  16:36  Medivac  
  177  16:55  Thor  
  177  16:56  Thor x2  
  177  16:58  Orbital Command  
  195  17:03  Infernal Pre-Igniter  
  195  17:08  Command Center  
  195  17:12  Command Center  
  173  18:18  Thor x3  
  191  18:23  Refinery  
  191  18:25  SCV x3  
  191  18:26  SCV  
  195  18:38  Marauder, Marine x4  
  200  18:44  Orbital Command x2  
  194  19:00  Marauder  
  195  19:13  Refinery  
  195  19:16  Refinery  
  195  19:21  Marauder  
  174  19:37  Thor  
  133  19:42  Marauder  
  133  19:45  Marine x5  
  133  19:46  Orbital Command, Marine x3  
  127  20:03  Widow Mine x2, Marine x8  
  127  20:04  Marauder  
  136  20:13  Orbital Command  
  126  20:21  Marine x4  
  126  20:25  Marauder  
  97  20:29  SCV  
  84  20:39  Marine x2  
  84  20:42  SCV  
  81  20:47  Marauder  
  81  20:49  Barracks  
  78  20:51  Barracks  
  78  20:53  Barracks x2  
  78  20:54  SCV, Barracks, Factory  
  78  20:56  Barracks, Factory  
  61  20:57  Marine x2  
  61  21:00  Missile Turret  
  57  21:05  Missile Turret  
  57  21:06  SCV  
  57  21:07  Missile Turret  
  57  21:08  Marauder, Missile Turret  
  60  21:13  Missile Turret  
  60  21:14  Missile Turret x3  
  60  21:18  SCV  
  53  21:23  Marine  
  53  21:24  Marine  
  52  21:29  Marine  
  52  21:31  Missile Turret x3  
  52  21:32  Missile Turret x2  
  53  21:33  Missile Turret x2  
  53  21:34  Missile Turret  
  53  21:39  Factory Tech Lab  
  53  21:40  Factory Tech Lab  
  53  21:41  Marine  
  53  21:42  Marine  
  53  21:47  Marine  
  36  21:59  Marine x2  
  38  22:04  Marine  
  38  22:12  Barracks x2  
  38  22:13  Barracks x2  
  38  22:14  Barracks x2  
  38  22:15  Barracks  
  38  22:17  Marine x2  
  38  22:18  Barracks  
  38  22:22  Marine  
  40  22:25  Missile Turret x2  
  40  22:27  Missile Turret  
  35  22:37  Missile Turret  
  35  22:38  Missile Turret  
  35  22:40  Marine  
  38  22:44  Missile Turret  
  38  22:45  Missile Turret  
  38  22:48  Missile Turret  
Show
View Real Time Build Order
Export as new Build Order

qqq Zerg 

Build Orders: Hatch First, Lurkers 

Get SALT Encoding   

  12  0:01  Drone  
  13  0:11  Drone  
  14  0:46  Hatchery  
  13  0:51  Spawning Pool  
  12  0:59  Drone  
  13  1:05  Overlord  
  13  1:09  Drone  
  14  1:13  Extractor  
  14  1:15  Drone  
  14  1:24  Drone  
  15  1:36  Drone  
  16  1:41  Queen  
  16  1:46  Drone  
  19  1:58  Drone  
  19  2:00  Drone  
  21  2:11  Drone  
  21  2:12  Drone  
  23  2:24  Drone  
  23  2:26  Drone, Zergling x2  
  23  2:28  Metabolic Boost  
  26  2:30  Drone  
  27  2:37  Zergling x2  
  28  2:48  Overlord  
  28  2:49  Overlord  
  28  2:54  Lair  
  28  2:59  Overlord  
  28  3:06  Queen  
  28  3:08  Drone  
  31  3:13  Drone  
  31  3:14  Drone  
  31  3:16  Zergling x2  
  31  3:18  Zergling x2  
  35  3:27  Baneling Nest  
  35  3:30  Drone  
  35  3:31  Zergling x2  
  35  3:32  Drone  
  37  3:35  Zergling x2  
  37  3:37  Zergling x2  
  37  3:39  Zergling x2  
  40  3:42  Zergling x2  
  40  3:46  Zergling x2  
  40  3:47  Zergling x2  
  43  3:52  Zergling x2  
  44  4:00  Zergling x2  
  44  4:06  Zergling x6  
  44  4:07  Zergling x2  
  48  4:15  Zergling x2  
  48  4:16  Zergling x6  
  52  4:30  Overlord x2  
  49  4:52  Hatchery  
  40  5:03  Zergling x10  
  40  5:04  Drone x2  
  40  5:05  Drone x3  
  50  5:08  Drone  
  50  5:10  Hydralisk Den  
  50  5:11  Queen  
  52  5:14  Drone  
  52  5:19  Drone  
  54  5:21  Drone  
  54  5:23  Extractor  
  55  5:28  Drone  
  55  5:29  Drone  
  55  5:32  Queen  
  58  5:37  Overlord  
  58  5:42  Muscular Augments  
  58  5:47  Drone  
  58  5:49  Drone  
  60  5:50  Overlord  
  60  5:56  Drone x4  
  64  6:01  Hydralisk  
  64  6:02  Hydralisk  
  68  6:11  Hydralisk x2  
  68  6:12  Hydralisk  
  74  6:23  Overlord x3  
  72  6:33  Hydralisk  
  72  6:36  Overlord x3  
  74  6:44  Hydralisk x2  
  78  6:49  Drone  
  78  6:53  Grooved Spines  
  79  6:57  Spore Crawler  
  78  7:02  Drone x2, Hydralisk x2  
  78  7:05  Queen  
  86  7:09  Hydralisk  
  86  7:15  Hydralisk  
  88  7:17  Drone x2  
  88  7:20  Extractor  
  88  7:22  Extractor  
  90  7:26  Hydralisk  
  90  7:28  Drone  
  93  7:39  Hatchery  
  92  7:54  Hatchery  
  92  7:56  Drone, Hydralisk x3  
  92  7:57  Overlord  
  92  7:58  Overlord  
  98  8:10  Hydralisk x3  
  104  8:26  Lurker Den  
  103  8:31  Hydralisk x2  
  104  9:00  Hydralisk x4  
  104  9:01  Zergling x4  
  104  9:02  Zergling x10  
  119  9:03  Drone x2  
  121  9:14  Infestation Pit  
  121  9:16  Evolution Chamber  
  119  9:18  Queen, Evolution Chamber  
  119  9:20  Queen  
  119  9:21  Drone  
  119  9:22  Drone x2  
  125  9:24  Hydralisk x2  
  125  9:27  Lurker  
  125  9:29  Lurker  
  131  9:32  Overlord  
  131  9:40  Lurker  
  132  9:51  Hive  
  132  9:58  Hydralisk x2  
  136  10:01  Zergling x8  
  136  10:02  Drone x3  
  135  10:33  Hydralisk x6  
  135  10:34  Drone  
  135  10:35  Drone x5  
  141  10:52  Lurker x2  
  141  10:54  Overlord x6  
  134  11:38  Hydralisk x2  
  134  11:39  Hydralisk x5  
  143  11:41  Drone x3, Hydralisk x3  
  154  12:02  Hydralisk  
  154  12:03  Hydralisk x3  
  154  12:06  Viper  
  154  12:08  Drone x3  
  167  12:11  Extractor x2  
  167  12:13  Extractor  
  167  12:14  Extractor  
  156  12:30  Hatchery  
  156  12:36  Hydralisk  
  156  12:37  Hydralisk x5  
  153  12:38  Drone  
  153  12:39  Drone x5  
  171  13:04  Viper x2  
  177  13:06  Hydralisk x2  
  177  13:07  Drone x2  
  177  13:08  Drone x2  
  185  13:17  Hydralisk x2  
  185  13:18  Drone  
  185  13:19  Drone  
  191  13:24  Lurker  
  191  13:26  Lurker  
  190  13:28  Zerg Missile Weapons Level 1  
  190  13:31  Zerg Ground Armor Level 1  
  190  13:33  Overlord x3  
  190  13:34  Overlord  
  190  13:35  Drone x2  
  192  13:49  Drone  
  192  13:55  Viper x2  
  199  14:18  Drone  
  199  14:20  Drone x2  
  197  14:42  Viper  
  178  15:18  Viper x2  
  178  15:19  Hydralisk x4  
  178  15:21  Drone x2, Hydralisk x3  
  200  16:00  Zerg Ground Armor Level 2  
  200  16:01  Zerg Missile Weapons Level 2  
  200  16:12  Overseer  
  200  16:14  Pneumatized Carapace  
  200  16:19  Drone, Ultralisk Cavern  
  200  16:22  Extractor x2  
  198  16:34  Lurker  
  198  16:35  Hatchery, Lurker  
  189  16:56  Hydralisk x3  
  187  17:12  Viper x2  
  193  17:19  Lurker x4  
  197  17:23  Viper  
  197  17:53  Spine Crawler  
  197  17:55  Spine Crawler  
  195  17:58  Drone x2  
  195  17:59  Drone  
  194  18:10  Drone x3  
  194  18:11  Drone x3  
  192  18:13  Drone  
  193  18:26  Ultralisk  
  196  18:45  Hydralisk  
  188  19:00  Hydralisk x6  
  152  19:25  Hydralisk x4  
  155  19:33  Ultralisk  
  155  19:34  Ultralisk x3  
  184  19:42  Ultralisk  
  184  19:43  Ultralisk x3  
  179  19:50  Hatchery  
  141  19:55  Hatchery, Anabolic Synthesis  
  141  19:58  Zerg Melee Weapons Level 1  
  120  20:00  Adrenal Glands  
  120  20:01  Zergling x2  
  120  20:02  Zergling x6  
  120  20:03  Zergling x8  
  122  20:10  Drone x2  
  122  20:11  Ultralisk x3  
  122  20:12  Ultralisk x2  
  148  20:20  Ultralisk x2  
  148  20:36  Hydralisk x2  
  148  20:37  Hydralisk x4  
  148  20:39  Hydralisk x2  
  163  20:50  Hydralisk x4  
  144  21:05  Zergling x4  
  144  21:08  Ultralisk  
  144  21:12  Overseer  
  107  21:29  Zergling x4  
  109  21:34  Hydralisk  
  109  21:35  Hydralisk x6  
  113  21:43  Drone x3  
  73  21:56  Hatchery  
  73  21:59  Drone x3, Hydralisk x3  
  72  22:07  Spawning Pool  
  64  22:09  Drone, Ultralisk Cavern  
  64  22:10  Drone x2  
  64  22:12  Hydralisk Den  
  65  22:16  Hatchery  
  65  22:18  Hydralisk x3  
Tags
 
Add a new tag
Caveats
  • Supply blocks, unpowered buildings, or Contaminate may cause inaccurate times.
  • Supply counts are checked every 10 seconds.